 Dungeon Crawl Stone Soup version 0.30-a0-509-gd016549fea (webtiles) character file.

Game seed: 6783819473109744417

13649 Sabo the Protected (level 11, -2/100 HPs)
             Began as an Armataur Fighter on Dec 22, 2022.
             Was a Believer of Qazlal.
             Slain by a freezing wraith (6 damage)
             ... on level 12 of the Dungeon.
             The game lasted 01:14:59 (14067 turns).

Sabo the Protected (Armataur Fighter)              Turns: 14067, Time: 01:14:59

Health: -2/100     AC: 29    Str: 35    XL:     11   Next: 78%
Magic:  20/20      EV:  4    Int: 16    God:    Qazlal [**....]
Gold:   836        SH:  7    Dex:  7    Spells: 10/10 levels left

rFire   . . .      SeeInvis .    a - +0 war axe
rCold   + . .      Faith    .    c - +0 buckler
rNeg    . . .      Spirit   .    n - +0 plate armour
rPois   .          Reflect  .    (helmet restricted)
rElec   .          Harm     .    (no cloak)
rCorr   +          Roll     +    v - +2 pair of gloves of the Onion {Str+4}
Will    .....      Clarity  +    E - +3 barding {Stlth+}
Stlth   ..........               (no amulet)
HPRegen 0.36/turn                i - +4 ring of protection
MPRegen 0.17/turn                L - ring "Kiwopryu" {rCorr MP+9 Str+4}

@: slowed, very slow
A: large, rugged brown scales 3, deformed body, armoured tail, roll, long
tongue, awkward tongue, horns 1, clarity, clever 2, cold resistance 1, strong 1
a: Renounce Religion, Upheaval


You were on level 12 of the Dungeon.
You worshipped Qazlal.
Qazlal was pleased with you.
You visited 1 branch of the dungeon, and saw 12 of its levels.
You also visited: Sewer and Ossuary.

You collected 836 gold pieces.

Inventory:

Hand Weapons
 a - a +0 war axe (weapon)
 l - a +1 great sword of protection
 p - the +4 dagger of the Eternal Void {venom, Will- Dex+5}
   (You found it on level 2 of the Dungeon)

   It poisons the flesh of those it strikes.
   Dex:       It affects your dexterity (+5).
   Will:      It decreases your willpower.
 r - a +3 shortbow of freezing
 s - a +2 shortbow of flaming
 z - a +0 flail of holy wrath
 M - a +2 flail of protection
Missiles
 o - 30 poisoned darts (quivered)
 B - 2 silver boomerangs
Armour
 c - a +0 buckler (worn)
 n - a +0 plate armour (worn)
 v - the +2 pair of gloves of the Onion (worn) {Str+4}
   (You found it on level 2 of the Dungeon)

   Str:       It affects your strength (+4).
 D - the +0 robe of Waerod {+Blink}
   (You took it off a centaur on level 9 of the Dungeon)

   +Blink:    It lets you blink.
 E - a +3 barding of stealth (worn)
Jewellery
 i - a +4 ring of protection (left hand)
 w - a +4 ring of protection
 L - the ring "Kiwopryu" (right hand) {rCorr MP+9 Str+4}
   (You found it on level 10 of the Dungeon)

   [ring of magical power]

   Str:       It affects your strength (+4).
   MP:        It affects your magic capacity (+9).
   rCorr:     It protects you from acid and corrosion.
Wands
 h - a wand of paralysis (13)
 j - a wand of roots (2)
 y - a wand of flame (24)
 A - a wand of light (8)
 F - a wand of mindburst (30)
Scrolls
 b - 2 scrolls of butterflies
 f - 2 scrolls of fog
 g - 9 scrolls of teleportation
 m - 2 scrolls of magic mapping
 q - 5 scrolls of blinking
 t - a scroll of poison
 G - 4 scrolls of identify
 H - a scroll of fear
Potions
 d - 3 potions of might
 e - 2 potions of cancellation
 k - 2 potions of mutation
 u - 3 potions of curing
 C - a potion of invisibility
 I - 2 potions of flight
 J - a potion of resistance
 K - a potion of haste


   Skills:
 + Level 7.9 Fighting
 + Level 11.1 Axes
 + Level 0.6 Throwing
 + Level 11.7 Armour
 + Level 1.7 Dodging
 + Level 1.2 Stealth
 + Level 7.6 Shields


You had 10 spell levels left.
You didn't know any spells.
Your spell library contained the following spells:

 Spells                   Type           Power      Damage    Failure   Level
 Blink                    Tloc           0%         N/A       93%         2
 Momentum Strike          Conj/Tloc      0%         3d8       93%         2
 Sublimation of Blood     Necr           0%         N/A       93%         2
 Dazzling Flash           Conj/Hex       0%         N/A       99%         3
 Ignite Poison            Fire/Tmut/Pois 0%         N/A       99%         3
 Kindle Blastsparks       Fire/Tloc/Air  0%         2d10      99%         3
 Lesser Beckoning         Tloc           0%         N/A       99%         3
 Petrify                  Tmut/Erth      0%         N/A       100%        4
 Agony                    Necr           0%         N/A       100%        5
 Freezing Cloud           Conj/Ice/Air   0%         6-21      100%        5
 Irradiate                Conj/Tmut      0%         3d11      100%        5
 Silence                  Hex/Air        0%         N/A       100%        5


Dungeon Overview and Level Annotations

Branches:
Dungeon (12/15)              Lair (0/5) D:11            Orc (0/2) D:12
  Sewer (visited)         Ossuary (visited)
 Temple: D:4-7

Altars:
Fedhas
Qazlal
Yredelemnul
The Shining One


Innate Abilities, Weirdness & Mutations

You are completely covered in rugged brown scales. (AC +3, +7% HP)
Armour fits poorly on your strangely shaped body.
You have a long armoured tail.
You roll when moving toward enemies. (Rampage)
Your long tongue fully drains potion bottles. (2x potion effects)
Your tongue gives you trouble enunciating. (1.5x scroll delay)
You have a pair of small horns on your head.
You possess an exceptional clarity of mind.
Your mind is very acute. (Int +8, Str/Dex -2)
Your flesh is cold resistant. (rC+)
Your muscles are strong. (Str +4, Int/Dex -1)


Message History

Your tail-slap misses the freezing wraith.
The freezing wraith is lightly damaged.
You block the freezing wraith's attack.
The freezing wraith hits you but does no damage. x3
You hit the freezing wraith.
Your headbutt misses the freezing wraith.
The freezing wraith is lightly damaged.
You block the freezing wraith's attack.
The freezing wraith hits you but does no damage.
You hit the freezing wraith.
Your headbutt misses the freezing wraith.
The freezing wraith is moderately damaged.
The freezing wraith hits you but does no damage.
You block the freezing wraith's attack.
The freezing wraith hits you but does no damage.
You block the freezing wraith's attack.
You completely miss the freezing wraith.
The freezing wraith is moderately damaged.
The freezing wraith hits you but does no damage. x2
You slash the freezing wraith! You tail-slap the freezing wraith!
The freezing wraith is severely damaged.
The freezing wraith hits you but does no damage. x4
You closely miss the freezing wraith.
The freezing wraith is severely damaged.
The freezing wraith hits you but does no damage.
You block the freezing wraith's attack.
You hit the freezing wraith.
Your headbutt misses the freezing wraith.
The freezing wraith is severely damaged.
You block the freezing wraith's attack. x3; The freezing wraith hits you.
* * * LOW HITPOINT WARNING * * *
The freezing wraith drains your vigour!
You feel as though you will be slow longer.
You closely miss the freezing wraith.
You headbutt the freezing wraith, but do no damage.
The freezing wraith is severely damaged.
The freezing wraith hits you.
* * * LOW HITPOINT WARNING * * *
The freezing wraith freezes you. You resist.
You die...

8._.>#.............#.#.#.....#.#
.....#...........### ##.......##
.....#...........# #.....####
..⌠..#.......†..## ##.......##
.....#.....###†## ###.#.....#.#
.....#..... ##..####.#..#...#[.#
.....#......#....#...#...#.#...#
######.........^.....#####.....#
..........W@.<..#...#.#...#
...........#.###..#...#..#
##.....o.#..#...#.#.....#.#
#........##..#####.......##
#........##.....#..^..####
##.#......###.............# ..#
#..##.....####...........#.#
..###..#......##.##....#....#..#
..................##...###.#...#


You could see a freezing wraith and an orc.

Vanquished Creatures
  A boulder beetle (D:11)
  A two-headed ogre (D:12)
  A deep elf pyromancer (D:12)
  An orc knight (D:12)
  An ugly thing (D:11)
  A cyclops (D:12)
  An elephant (D:11)
  3 gargoyles (D:12)
  2 kobold demonologists (D:12)
  A komodo dragon (D:12)
  2 trolls
  A shadow (D:12)
  A wyvern (D:11)
  10 yaks (D:12)
  A basilisk (D:11)
  Edmund (D:5)
  8 vampire mosquitoes
  2 acid dragons
  3 water moccasins
  3 black bears
  5 orc warriors
  A sky beast (D:8)
  4 ice beasts
  An ogre (D:6)
  8 centaurs
  2 kobold brigands
  A phantom (D:7)
  4 elf zombies (Ossuary)
  A necrophage (D:6)
  4 bullfrogs
  A gnoll sergeant (D:8)
  2 scorpions
  3 wights (D:8)
  13 killer bees
  3 howler monkeys (D:11)
  6 centaur zombies (Ossuary)
  2 hounds
  5 jellies
  4 orc priests
  4 iguanas
  Terence (D:3)
  2 human zombies (Ossuary)
  4 orc wizards
  3 mummies (Ossuary)
  5 gnolls (D:8)
  9 adders
  2 shadow imps
  3 white imps
  An ufetubus (D:4)
  2 worms (D:3)
  2 dart slugs
  34 orcs
  4 ball pythons
  10 bats
  6 endoplasms
  6 giant cockroaches (Sewer)
  4 hobgoblins
  5 jackals
  18 kobolds
  9 quokkas
  9 frilled lizards
  8 goblins
  A rat (D:3)
267 creatures vanquished.

Notes
Turn   | Place    | Note
-------+----------+-------------------------------------------
     0 | D:1      | Sabo the Armataur Fighter began the quest for the Orb.
     0 | D:1      | Reached XP level 1. HP: 19/19 MP: 1/1
   149 | D:1      | Reached XP level 2. HP: 26/26 MP: 2/2
   587 | D:1      | Found a faded altar of an unknown god.
  1038 | D:2      | Upgraded the game from 0.30-a0-476-g330ca2eb8e to
                  | 0.30-a0-509-gd016549fea
  1055 | D:2      | Reached XP level 3. HP: 33/33 MP: 3/3
  1070 | D:2      | Identified the +4 dagger of the Eternal Void {venom, Will-
                  | Dex+5}
  1469 | D:2      | Reached XP level 4. HP: 35/40 MP: 4/4
  1559 | D:2      | Identified the +2 pair of gloves of the Onion {Str+4}
  1981 | D:3      | Reached XP level 5. HP: 48/48 MP: 5/5
  2204 | D:3      | Noticed Terence
  2207 | D:3      | Killed Terence
  3409 | D:4      | Reached XP level 6. HP: 46/55 MP: 6/6
  3725 | D:5      | Entered Level 5 of the Dungeon
  3767 | D:5      | Noticed Edmund
  3783 | D:5      | Killed Edmund
  3784 | D:5      | Reached skill level 5 in Armour
  3784 | D:5      | Reached XP level 7. HP: 59/62 MP: 7/7
  4204 | D:5      | Reached skill level 5 in Axes
  4768 | D:6      | Found a glowing drain.
  4773 | Sewer    | Entered a sewer
  4866 | Sewer    | Reached skill level 1 in Dodging
  4991 | Sewer    | Reached XP level 8. HP: 68/70 MP: 8/8
  5905 | D:6      | Identified a scroll of acquirement
  5906 | D:6      | Acquired a +0 barding of stealth
  6281 | D:6      | Gained mutation: Your flesh is cold resistant. (rC+)
                  | [potion of mutation]
  6281 | D:6      | Gained mutation: Your muscles are strong. (Str +4, Int/Dex
                  | -1) [potion of mutation]
  6281 | D:6      | Gained mutation: You possess an exceptional clarity of
                  | mind. [potion of mutation]
  6281 | D:6      | Gained mutation: Your mind is acute. (Int +4, Str/Dex -1)
                  | [potion of mutation]
  6281 | D:6      | Gained mutation: Your mind is very acute. (Int +8, Str/Dex
                  | -2) [potion of mutation]
  6281 | D:6      | Gained mutation: You have a pair of small horns on your
                  | head. [potion of mutation]
  6349 | D:7      | Found a glowing golden altar of the Shining One.
  6359 | D:7      | Found a blossoming altar of Fedhas.
  6449 | D:7      | Reached skill level 5 in Shields
  6557 | D:7      | Reached XP level 9. HP: 78/78 MP: 9/9
  6557 | D:7      | Found a sand-covered staircase.
  6585 | Ossuary  | Entered an ossuary
  6610 | Ossuary  | Reached skill level 5 in Fighting
  9010 | D:9      | Identified the +0 robe of Waerod {+Blink}
  9025 | D:9      | Reached XP level 10. HP: 78/88 MP: 10/10
  9662 | D:9      | Found a basalt altar of Yredelemnul.
  9679 | D:10     | Entered Level 10 of the Dungeon
 10104 | D:10     | Found a stormy altar of Qazlal.
 10112 | D:10     | Became a worshipper of Qazlal Stormbringer
 10256 | D:10     | Identified the ring "Kiwopryu" {rCorr MP+9 Str+4}
 10934 | D:11     | Noticed a boulder beetle
 10969 | D:11     | Killed a boulder beetle
 10970 | D:11     | Reached skill level 1 in Stealth
 11076 | D:11     | Found a staircase to the Lair.
 11076 | D:11     | Noticed an elephant
 11076 | D:11     | Noticed a white ugly thing
 11171 | D:11     | Killed a white ugly thing
 11172 | D:11     | Reached skill level 10 in Armour
 11177 | D:11     | Killed an elephant
 12353 | D:12     | Noticed a gargoyle
 12368 | D:12     | Killed a gargoyle
 12491 | D:12     | Noticed a deep elf pyromancer
 12502 | D:12     | Killed a deep elf pyromancer
 12503 | D:12     | Reached skill level 10 in Axes
 12503 | D:12     | Reached XP level 11. HP: 63/97 MP: 11/11
 12733 | D:12     | Reached * piety under Qazlal
 13308 | D:12     | Noticed a two-headed ogre
 13324 | D:12     | Killed a two-headed ogre
 13649 | D:12     | Reached ** piety under Qazlal
 13657 | D:12     | Noticed an orc knight
 13687 | D:12     | Killed an orc knight
 13942 | D:12     | Found a staircase to the Orcish Mines.
 14057 | D:12     | HP: 3/100 [freezing wraith (11)]
 14067 | D:12     | HP: 4/100 [freezing wraith (4)]
 14067 | D:12     | Slain by a freezing wraith

Illustrated notes

Levels and vault maps discovered:
D:1:      nicolae_arrival_memento_mori, layout_rooms,
          ebering_ecumenical_altar_petrified, serial_aquarium,
          aquarium_bridge_square [aquarium_subvault_wall,
          aquarium_subvault_wall, aquarium_subvault_bridge,
          aquarium_subvault_wall], aquarium_window_2,
          aquarium_window_corridor_3, aquarium_window_fake,
          aquarium_window_fake, aquarium_view_2e, aquarium_view_2d,
          aquarium_balcony_double_1, aquarium_pool_S, minivault_26
D:2:      layout_rooms
D:3:      layout_basic, uniq_terence
D:4:      layout_gridville
D:5:      layout_basic, minmay_temple_entry_proselytizer, uniq_edmund
D:6:      layout_basic, portal_sewer_entry_e, kennysheep_small_square
D:7:      layout_basic, grunt_temple_overflow_open,
          lightli_ossuary_entry_decrepit_ruins
D:8:      layout_gridville
D:9:      layout_basic, lemuel_tele_altar
D:10:     layout_roguey, nicolae_qazlal_scattered_showers
D:11:     layout_loops_ring, david_lair_generic, hangedman_decor_riveting,
          moated_statue, kennysheep_generic_room_9
D:12:     layout_cave_pools, david_orc_5, gammafunk_ghost_stat_death,
          hangedman_decor_diamond_cutter

Skill      XL: |  1  2  3  4  5  6  7  8  9 10 11 |
---------------+----------------------------------+-----
Armour         | 4 5 7 8 10 11 | 11.7
Fighting       | 3 4 5 6 7 |  7.9
Axes           | 2 3 4 5 7 8 10 11 | 11.1
Shields        | 4 5 6 7 |  7.6
Dodging        | 1 |  1.7
Stealth        | 1 |  1.2
Throwing       | |  0.6

Action                   |  1- 3 |  4- 6 |  7- 9 | 10-12 || total
-------------------------+-------+-------+-------+-------++-------
Melee: War axe           |    88 |   131 |   458 |   408 ||  1085
       Tailslap          |     9 |    17 |    62 |    59 ||   147
       Headbutt          |       |       |    42 |    88 ||   130
Throw: Dart              |       |       |     2 |     5 ||     7
  Use: Scroll            |     6 |     2 |    19 |     4 ||    31
       Potion            |       |       |     2 |     9 ||    11
Armor: Scale mail        |    33 |       |       |       ||    33
       Plate armour      |    39 |   125 |   417 |   460 ||  1041
Dodge: Dodged            |    29 |    39 |    85 |    94 ||   247
Block: Buckler           |    18 |    30 |    89 |   144 ||   281

Table legend: (Time is in decaauts)
 A = Elapsed time spent in this place.
 B = Non-inter-level travel time spent in this place.
 C = Inter-level travel time spent in this place.
 D = Time resting spent in this place.
 E = Time spent auto-exploring this place.
 F = Levels seen in this place.
 G = Mean time per level.
                   A        B        C        D        E       F      G
               +--------+--------+--------+--------+--------+-----+--------+
         Total |  14262 |  14262 |      0 |   2959 |      0 |  14 | 1018.7 |
       Dungeon |  13767 |  13767 |      0 |   2952 |      0 |  12 | 1147.2 |
         Sewer |    292 |    292 |      0 |      7 |      0 |   1 |  292.0 |
       Ossuary |    203 |    203 |      0 |      0 |      0 |   1 |  203.0 |
               +--------+--------+--------+--------+--------+-----+--------+

Top non-repeatable levels by time:
    D:12: 1724 daAuts
     D:6: 1505 daAuts
    D:11: 1484 daAuts
     D:8: 1481 daAuts
     D:4: 1287 daAuts
    D:10: 1200 daAuts
     D:1: 1061 daAuts
     D:9: 1049 daAuts
     D:3: 842 daAuts
     D:5: 817 daAuts
     D:7: 697 daAuts
     D:2: 615 daAuts
   Sewer: 292 daAuts
 Ossuary: 203 daAuts
